 Dungeon Crawl Stone Soup version 0.27.1 (webtiles) character file.

Game seed: 14046091324668353835

5 nxtlvl the Skirmisher (level 1, -1/24 HPs)
             Began as an Ogre Delver on Aug 30, 2021.
             Was an Initiate of Cheibriados.
             Slain by a bullfrog zombie (2 damage)
             ... on level 5 of the Dungeon.
             The game lasted 00:02:52 (246 turns).

nxtlvl the Skirmisher (Ogre Delver)                  Turns: 246, Time: 00:02:53

Health: -1/24      AC:  3    Str: 16    XL:     1   Next: 80%
Magic:  1/1        EV: 10    Int: 12    God:    Cheibriados [......]
Gold:   14         SH:  0    Dex: 11    Spells: 0/0 levels left

rFire    . . .     SeeInvis .   a - +0 flail
rCold    . . .     Faith    .   (no shield)
rNeg     . . .     Spirit   .   b - +0 robe
rPois    .         Reflect  .   (helmet restricted)
rElec    .         Harm     .   (no cloak)
rCorr    .         Rampage  .   (gloves unavailable)
Will     .....                  (boots unavailable)
Stlth    ++........             (no amulet)
HPRegen  0.08/turn              (no ring)
MPRegen  0.07/turn              (no ring)

@: very slow
A: large, unfitting armour, tough skin 1
a: Renounce Religion, Bend Time


You were on level 5 of the Dungeon.
You worshipped Cheibriados.
Cheibriados was noncommittal.
You visited 2 branches of the dungeon, and saw 4 of its levels.

You collected 14 gold pieces.

Inventory:

Hand Weapons
 a - a +0 flail (weapon)
Armour
 b - a +0 robe (worn)
Wands
 d - a wand of acid (11)
 g - a wand of digging (3)
Scrolls
 c - a scroll of fog
Potions
 f - a potion of haste


   Skills:
 + Level 4.1 Fighting
 + Level 1.8 Maces & Flails
 + Level 1.9 Dodging
 + Level 3.8 Stealth


You couldn't memorise any spells.
You didn't know any spells.
Your spell library contained the following spells:

 Spells                   Type           Power      Damage    Failure   Level
 Corona                   Hex            0%         N/A       32%         1
 Ensorcelled Hibernation  Hex/Ice        0%         N/A       45%         2
 Tukima's Dance           Hex            0%         N/A       69%         3


Dungeon Overview and Level Annotations

Branches:
Dungeon (7/15)             Temple (1/1) D:7

Altars:
Cheibriados
Nemelex Xobeh


Innate Abilities, Weirdness & Mutations

You are too large for most types of armour.
You have tough skin. (AC +1)


Message History

The bullfrog zombie hits you.
You hit the bullfrog zombie.
The bullfrog zombie is lightly damaged.
The bullfrog zombie barely misses you.
You barely miss the black bear. The black bear completely misses you.
The black bear barely misses you. The black bear claws you.
You hit the black bear.
The black bear is moderately wounded.
The black bear barely misses you. The black bear claws you. x2
You barely miss the black bear.
The black bear is moderately wounded.
The black bear bites you. The black bear barely misses you.
The black bear claws you. The black bear closely misses you.
The black bear barely misses you. x2
You hit the black bear.
The black bear is moderately wounded.
The black bear bites you.
* * * LOW HITPOINT WARNING * * *
The black bear completely misses you. The black bear closely misses you.
You hit the black bear.
The black bear is heavily wounded.
The black bear misses you. The black bear claws you.
* * * LOW HITPOINT WARNING * * *
The black bear closely misses you.
Okay, then.
The black bear bites you but does no damage.
The black bear claws you but does no damage. x2
You see here a +0 club.
As you read the scroll of fear, it crumbles to dust.
You assume a fearsome visage.
The bullfrog zombie is unaffected.
The black bear looks frightened!
You hit the bullfrog zombie.
The bullfrog zombie is moderately damaged.
The bullfrog zombie hits you but does no damage. x2
You sock the bullfrog zombie!
The bullfrog zombie is heavily damaged.
The bullfrog zombie hits you.
* * * LOW HITPOINT WARNING * * *
The bullfrog zombie hits you.
You die...

#... #...# #...# ####
#...# #### #...#
#...###.(.##
.....##...##.....##
......#...#.......#
.$.)..'.h.'.@..(..#
...#...#Z......#
#...##.....##
#...###...#########
#h### ####........
#.#########.#
#..)...h....###########
###########............
#############


You could see a black bear (fleeing) and a bullfrog zombie.

Vanquished Creatures
  2 orcs (D:5)
  An endoplasm (D:6)
3 creatures vanquished.

Notes
Turn   | Place    | Note
-------+----------+-------------------------------------------
     0 | D:5      | nxtlvl the Ogre Delver began the quest for the Orb.
     0 | D:5      | Reached XP level 1. HP: 24/24 MP: 1/1
    12 | D:6      | Found a sparkling altar of Nemelex Xobeh.
    14 | D:6      | Noticed an ogre
    68 | D:7      | Found a staircase to the Ecumenical Temple.
    77 | Temple   | Entered the Ecumenical Temple
    83 | Temple   | Became a worshipper of Cheibriados the Contemplative
   224 | D:5      | Noticed a black bear
   246 | D:5      | HP: 1/24 [bullfrog zombie (4)]
   246 | D:5      | Slain by a bullfrog zombie

Illustrated notes

Levels and vault maps discovered:
D:5:      kennysheep_six_static_rooms, layout_basic,
          ashenzari_conservatory_becter, nicolae_ossuary_entry_giza
D:6:      layout_loops_corners, gammafunk_temple_overflow_elements,
          nemelex_dance_club_becter, ebering_ghost_sewer_f, uniq_maggie,
          uniq_grinder
D:7:      layout_loops_ring, kennysheep_mini_moat, marbit_many_paths,
          minmay_temple_entry_poolview, serial_co_window_serial,
          co_window_corner_a, co_window_corner_a, co_window_corner_a,
          co_window_paths_a, co_window_paths_a, co_window_paths_a,
          co_window_of_opportunity_a, co_window_of_opportunity_a,
          co_window_corner_a, co_window_corner_b, co_window_paths_c,
          co_window_2corner, co_window_of_opportunity_c, co_window_corner_b,
          co_window_4corner_b, glass_columns_b, glass_columns_a,
          minmay_misc_feat_more_columns, eino_curves_03
Temple:   dshaligram_water_room_temple

Action                   || total
-------------------------++-------
Melee: Flail             ||    10
       Mace              ||     3
  Use: Scroll            ||     2
 Stab: Sleeping          ||     1
Armor: Robe              ||     7
Dodge: Dodged            ||    15
